 Dungeon Crawl Stone Soup version 0.26-a0-712-ga5a9c9c9d0 (webtiles) character file.

Game seed: 4052973955641543180

12443 tognito the Severer (level 11, -15/123 HPs)
             Began as a Minotaur Berserker on Nov 1, 2020.
             Was a High Priest of Trog.
             Demolished by a death knight
             ... wielding a +4 battleaxe of venom
              (23 damage)
             ... on level 12 of the Dungeon.
             The game lasted 00:27:41 (12561 turns).

tognito the Severer (Minotaur Berserker)           Turns: 12561, Time: 00:27:41

Health: -15/123    AC: 19    Str: 24    XL:     11   Next: 62%
Magic:  10/10      EV:  7    Int:  6    God:    Trog [*****.]
Gold:   658        SH:  0    Dex: 11    Spells: 10/10 levels left

rFire    . . .     SeeInvis .   a - +7 executioner's axe of the Morning {vorpal, +Fly rPois MR- Int+2}
rCold    + . .     Faith    .   (shield currently unavailable)
rNeg     . . .     Spirit   .   p - +0 plate armour
rPois    +         Reflect  .   (helmet restricted)
rElec    .         Harm     .   x - +2 cloak
rCorr    .         Rampage  .   G - +1 pair of gloves
MR       .....                  H - +0 pair of boots
Stlth    ..........             (no amulet)
HPRegen  0.30/turn              s - ring of protection from cold
MPRegen  0.12/turn              A - ring of stealth

@: berserking, very quick
A: retaliatory headbutt, horns 2
a: Berserk, Trog's Hand, Brothers in Arms, Renounce Religion, Evoke Flight


You were on level 12 of the Dungeon.
You worshipped Trog.
Trog was extremely pleased with you.
You visited 1 branch of the dungeon, and saw 12 of its levels.
You also visited: Sewer.

You collected 658 gold pieces.

Inventory:

Hand Weapons
 a - the +7 executioner's axe of the Morning (weapon) {vorpal, +Fly rPois MR- Int+2}
   (You acquired it on level 11 of the Dungeon)

   It inflicts extra damage upon your enemies.
   It affects your intelligence (+2).
   It protects you from poison.
   It affects your resistance to hostile enchantments.
   It lets you fly.
 b - a +0 arbalest
 q - the +7 hand axe "Qeeqeech" {vorpal, +Fly}
   (You found it on level 7 of the Dungeon)

   It inflicts extra damage upon your enemies.
   It lets you fly.
Missiles
 d - 91 bolts
 j - 26 poisoned darts (quivered)
 r - 2 silver boomerangs
 v - 15 boomerangs
Armour
 p - a +0 plate armour (worn)
 x - a +2 cloak (worn)
 G - a +1 pair of gloves (worn)
 H - a +0 pair of boots (worn)
Jewellery
 f - an uncursed ring of fire
 s - a ring of protection from cold (left hand)
 A - a ring of stealth (right hand)
Wands
 k - a wand of paralysis (7)
 m - a wand of enslavement (27)
 t - a wand of random effects (14)
 w - a wand of polymorph (11)
 y - a wand of iceblast (7)
Scrolls
 c - 8 scrolls of identify
 e - 2 scrolls of enchant weapon
 g - a scroll of enchant armour
 i - 3 scrolls of teleportation
 n - 2 scrolls of blinking
 u - 7 scrolls of remove curse
 B - a scroll of magic mapping
 E - a scroll of summoning {unknown}
 F - a scroll of holy word {unknown}
 I - a scroll of torment {unknown}
Potions
 h - 4 potions of heal wounds
 l - 4 potions of curing
 o - 3 potions of might
 z - a potion of flight
 C - a potion of stabbing
 D - a potion of cancellation {unknown}


   Skills:
 - Level 3.6 Fighting
 * Level 19.9 Axes
 + Level 5.3 Armour
 + Level 2.2 Dodging


You had 10 spell levels left.
You didn't know any spells.
Your spell library was empty.

Dungeon Overview and Level Annotations

Branches:
Dungeon (12/15)            Temple (0/1) D:7            Lair (0/6) D:8
    Orc (0/2) D:9           Sewer (visited)

Altars:
Ashenzari
Cheibriados
Elyvilon
Fedhas
Nemelex Xobeh
Uskayaw
Vehumet
Zin

Shops:
D:7 *   D:9 ?

Annotations:
D:8 exclusion: ice statue


Innate Abilities, Weirdness & Mutations

You reflexively headbutt those who attack you in melee.
You have a pair of horns on your head.


Message History

You feel yourself moving faster!
You feel mighty!
Your iron troll misses the freezing wraith.
Your iron troll claws the freezing wraith!!
Your iron troll claws the freezing wraith but does no damage.
The freezing wraith hits you but does no damage. x2
You slice the death knight!!
The death knight is moderately wounded.
Your plate armour prevents you from hitting the freezing wraith.
Your iron troll bites the freezing wraith!
The freezing wraith is destroyed!
Trog accepts your kill.
The death knight hits you with a +4 battleaxe of venom!!
* * * LOW HITPOINT WARNING * * *
You closely miss the death knight. You headbutt the death knight!
The death knight is heavily wounded.
Your plate armour prevents you from hitting the death knight.
You headbutt the death knight!
The death knight is severely wounded.
The death knight hits you with a +4 battleaxe of venom!!
You die...

# # # #. .#.
#.############## #.#
#####..<..<........#
#.#
(....(T@.....#####.#
#.# .##(.(p#####.#
#.# #.# .(.....
##.## #.# #.#
.##.### ##...## #.#
#.# #
#####.....###.###.#
#..............#...
#.###..)..##.#.....
##).....###....
##..###.......


You could see a death knight and a friendly iron troll (summoned, berserk).

Vanquished Creatures
  The ghost of Irenicus the Earth Mage, a journeyman DDEE of Makhleb (D:11)
  A two-headed ogre (D:12)
  An unseen horror (D:11)
  A phantasmal warrior (D:12)
  3 trolls
  Prince Ribbit (D:6)
  7 slime creatures
  5 yaks (D:12)
  A shadow (D:9)
  A wraith (D:12)
  Eustachio (D:6)
  A two-headed ogre zombie (D:9)
  5 sky beasts
  An ice beast (D:11)
  3 orc warriors
  5 phantoms
  A necrophage (D:6)
  9 ogres
  2 centaurs
  2 big kobolds
  Blork the orc (D:6)
  3 bullfrogs
  6 scorpions
  A wyvern skeleton (D:11)
  10 killer bees
  9 wights
  3 howler monkeys (D:10)
  A bullfrog zombie (D:6)
  5 centaur skeletons
  A centaur zombie (D:5)
  6 hounds
  A quasit (D:6)
  5 orc priests
  2 jellies
  Crazy Yiuf (D:6)
  3 bullfrog skeletons
  9 iguanas
  8 orc wizards
  11 worker ants
  3 ogre zombies (D:9)
  A hound skeleton (D:4)
  2 hound zombies
  A worker ant zombie (D:3)
  8 gnolls (D:6)
  10 adders
  3 river rats
  A shadow imp (D:6)
  A white imp (D:4)
  4 oozes
  An adder skeleton (D:5)
  A dart slug (D:1)
  3 leopard geckos
  35 orcs
  4 ball pythons (Sewer)
  6 giant cockroaches
  11 goblins
  8 hobgoblins
  10 jackals
  15 kobolds
  5 quokkas
  7 bats
  11 frilled lizards
  3 goblin zombies (D:9)
  A jackal skeleton (D:7)
  2 leopard gecko skeletons
  3 orc skeletons (D:9)
  9 orc zombies (D:9)
  A quokka skeleton (D:2)
  21 rats
329 creatures vanquished.

Vanquished Creatures (collateral kills)
  2 freezing wraiths
  4 slime creatures (D:11)
  A two-headed ogre zombie (D:9)
  A troll zombie (D:9)
  2 ogre zombies (D:9)
  A shadow imp (D:9)
  2 hobgoblin zombies (D:9)
  An orc skeleton (D:9)
  7 orc zombies (D:9)
21 creatures vanquished.

Grand Total: 350 creatures vanquished

Notes
Turn   | Place    | Note
-------+----------+-------------------------------------------
     0 | D:1      | tognito the Minotaur Berserker began the quest for the Orb.
     0 | D:1      | Reached XP level 1. HP: 19/19 MP: 0/0
   112 | D:1      | Reached skill level 4 in Axes
   160 | D:1      | Reached XP level 2. HP: 26/26 MP: 1/1
   437 | D:1      | Reached skill level 5 in Axes
   466 | D:1      | Reached XP level 3. HP: 31/31 MP: 2/2
   493 | D:1      | Reached ** piety under Trog
  1288 | D:2      | Reached skill level 6 in Axes
  1288 | D:2      | Reached XP level 4. HP: 39/39 MP: 3/3
  1351 | D:2      | Found a radiant altar of Vehumet.
  2174 | D:4      | Found a glowing drain.
  2177 | D:4      | Reached *** piety under Trog
  2181 | Sewer    | Entered a sewer
  2310 | Sewer    | Reached XP level 5. HP: 41/45 MP: 4/4
  2310 | Sewer    | Reached skill level 7 in Axes
  2975 | D:4      | Found a sparkling altar of Nemelex Xobeh.
  2985 | D:4      | Noticed a sky beast
  2995 | D:4      | Killed a sky beast
  2995 | D:4      | Reached skill level 8 in Axes
  2995 | D:4      | Reached XP level 6. HP: 51/51 MP: 5/5
  3493 | D:4      | Reached skill level 9 in Axes
  3653 | D:5      | Entered Level 5 of the Dungeon
  3966 | D:5      | Noticed a +0 hand axe
  3967 | D:5      | Found a hide-covered altar of Uskayaw.
  3968 | D:5      | Noticed a +0 hand axe
  3975 | D:5      | Reached **** piety under Trog
  4064 | D:5      | Reached XP level 7. HP: 57/57 MP: 6/6
  4202 | D:5      | Reached skill level 10 in Axes
  4460 | D:6      | Noticed Blork the orc
  4465 | D:6      | Reached skill level 11 in Axes
  4467 | D:6      | Killed Blork the orc
  4473 | D:6      | Reached XP level 8. HP: 49/64 MP: 7/7
  4753 | D:6      | Reached skill level 12 in Axes
  4919 | D:6      | Noticed Eustachio
  4935 | D:6      | Killed Eustachio
  5018 | D:6      | Reached skill level 13 in Axes
  5061 | D:6      | Found a snail-covered altar of Cheibriados.
  5264 | D:6      | Found a runed translucent door.
  5267 | D:6      | Noticed Crazy Yiuf
  5272 | D:6      | Killed Crazy Yiuf
  5409 | D:6      | Found a blossoming altar of Fedhas.
  5413 | D:6      | Found a white marble altar of Elyvilon.
  5484 | D:6      | Noticed Prince Ribbit
  5498 | D:6      | Killed Prince Ribbit
  5886 | D:7      | Reached XP level 9. HP: 62/70 MP: 8/8
  5893 | D:7      | Got a scorched hand axe
  5893 | D:7      | Identified the +7 hand axe "Qeeqeech" {vorpal, +Fly} (You
                  | found it on level 7 of the Dungeon)
  5988 | D:7      | Reached skill level 14 in Axes
  6308 | D:7      | Found Buokag's Assorted Antiques.
  6683 | D:7      | Found a staircase to the Ecumenical Temple.
  6834 | D:7      | Found a broken altar of Ashenzari.
  6981 | D:8      | Reached skill level 15 in Axes
  7105 | D:8      | Noticed an ice statue
  7545 | D:8      | Found a staircase to the Lair.
  7612 | D:8      | Reached ***** piety under Trog
  8566 | D:9      | Reached skill level 16 in Axes
  8689 | D:9      | Reached XP level 10. HP: 77/77 MP: 9/9
  8696 | D:9      | Found a staircase to the Orcish Mines.
  9016 | D:9      | Found Odouh's Magic Scroll Shop.
  9025 | D:9      | Reached skill level 17 in Axes
  9581 | D:10     | Entered Level 10 of the Dungeon
 10394 | D:11     | Killed an unseen horror
 10394 | D:11     | Reached skill level 18 in Axes
 10717 | D:11     | Identified a scroll of acquirement
 10717 | D:11     | Acquired the +7 executioner's axe of the Morning {vorpal,
                  | +Fly rPois MR- Int+2}
 10973 | D:11     | Found a runed translucent door.
 10973 | D:11     | Noticed Irenicus's ghost (journeyman DDEE)
 11258 | D:11     | Found a transporter.
 11267 | D:11     | Found a transporter.
 11676 | D:11     | Reached XP level 11. HP: 78/82 MP: 10/10
 11679 | D:11     | Killed Irenicus's ghost
 11869 | D:12     | Reached skill level 19 in Axes
 11990 | D:12     | Received a gift from Trog
 12156 | D:12     | Noticed a two-headed ogre
 12164 | D:12     | Killed a two-headed ogre
 12164 | D:12     | Reached skill level 5 in Armour
 12424 | D:12     | Found a glowing silver altar of Zin.
 12542 | D:12     | Noticed a phantasmal warrior
 12549 | D:12     | Killed a phantasmal warrior
 12552 | D:12     | Noticed a death knight
 12561 | D:12     | Demolished by a death knight

Illustrated notes

Levels and vault maps discovered:
D:1:      dpeg_arrival_more_subterranean_lakeside_camping, layout_basic,
          hangedman_decor_clover_reticule
D:2:      layout_basic, vehumet_crystals, kennysheep_generic_room_5
D:3:      layout_rooms, kennysheep_generic_room_9
D:4:      layout_basic, lemuel_crystal_altar, portal_sewer_entry_e,
          minmay_bisected
D:5:      layout_gridville, dancing_weapons_uskayaw, chequers_jeans
D:6:      layout_basic, minitemple, corexii_corridor_pit, nicolae_benzene_ring,
          cheibriados_altar_1, uniq_crazy_yiuf_cottage, uniq_eustachio,
          uniq_blork_the_orc, uniq_prince_ribbit1
D:7:      layout_gridville, lemuel_coloured_pillars_altar,
          lemuel_temple_firewalk_b, serial_shops, shop
D:8:      lemuel_ice_statue, layout_basic, lair_entry_dummy,
          grunt_decor_resistance
D:9:      layout_basic, zombieorc2_lemuel, serial_shops, shop
D:10:     layout_cross
D:11:     gammafunk_jiyva_shrine, layout_cave_pods, ebering_ghost_inner_flame
D:12:     layout_loops_ring, basic_altar, serial_shops, shop, grunt_ministairs_6

Skill      XL: |  1  2  3  4  5  6  7  8  9 10 11 |
---------------+----------------------------------+-----
Axes           | 4 5 6 8 9 11 13 16 18 19 | 19.9
Armour         | 3 5 |  5.3
Fighting       | |  3.6
Dodging        | |  2.2

Action                   |  1- 3 |  4- 6 |  7- 9 | 10-12 || total
-------------------------+-------+-------+-------+-------++-------
Melee: Hand axe          |    77 |   212 |   335 |   133 ||   757
       Headbutt          |    14 |    29 |    60 |    42 ||   145
       Executioner's axe |       |       |       |    93 ||    93
 Fire: Arbalest          |       |       |       |    43 ||    43
Throw: Dart              |       |     8 |    46 |     8 ||    62
       Boomerang         |       |       |     7 |     4 ||    11
Invok: Berserk           |       |     1 |     4 |     1 ||     6
       Trog's Hand       |       |       |     2 |       ||     2
       Brothers in Arms  |       |       |     1 |     5 ||     6
  Use: Potion            |     4 |     3 |     4 |       ||    11
       Scroll            |     4 |     1 |    11 |     1 ||    17
 Stab: Invisible         |     1 |       |       |       ||     1
       Distracted        |       |       |     1 |       ||     1
Armor: Chain mail        |    48 |   117 |    57 |       ||   222
       Plate armour      |       |       |    69 |   143 ||   212
Dodge: Dodged            |    37 |    80 |    90 |    71 ||   278

Table legend: (Time is in decaauts)
 A = Elapsed time spent in this place.
 B = Non-inter-level travel time spent in this place.
 C = Inter-level travel time spent in this place.
 D = Time resting spent in this place.
 E = Time spent auto-exploring this place.
 F = Levels seen in this place.
 G = Mean time per level.
                   A        B        C        D        E       F      G
               +--------+--------+--------+--------+--------+-----+--------+
         Total |  12503 |  12200 |    303 |     23 |  10182 |  13 |  961.8 |
       Dungeon |  11889 |  11586 |    303 |     23 |   9700 |  12 |  990.8 |
         Sewer |    614 |    614 |      0 |      0 |    482 |   1 |  614.0 |
               +--------+--------+--------+--------+--------+-----+--------+

Top non-repeatable levels by time:
    D:11: 1557 daAuts
     D:6: 1415 daAuts
     D:8: 1294 daAuts
     D:9: 1260 daAuts
     D:7: 1058 daAuts
     D:1: 1020 daAuts
     D:4: 1006 daAuts
     D:5: 785 daAuts
    D:10: 708 daAuts
    D:12: 707 daAuts
     D:2: 700 daAuts
   Sewer: 614 daAuts
     D:3: 376 daAuts
